 Dungeon Crawl Stone Soup version 0.27-a0-1149-g4505690ab0 (webtiles) character file.

Game seed: 3485691791455974674

77 1player the Magician (level 4, 0/34 HPs)
             Began as a Djinni Fire Elementalist on May 13, 2021.
             Slain by a ball python (1 damage)
             ... on level 2 of the Dungeon.
             The game lasted 00:06:47 (2515 turns).

1player the Magician (Djinni Fire Elementalist)     Turns: 2515, Time: 00:06:47

Health: 0/34       AC:  3    Str:  7    XL:     4   Next: 58%
Gold:   64         EV:  8    Int: 17    God:
                   SH:  0    Dex: 14

rFire    + + .     SeeInvis .   e - +1 short sword (freeze)
rCold    x . .     Faith    .   (no shield)
rNeg     . . .     Spirit   .   g - +0 leather armour
rPois    ∞         Reflect  .   (no helmet)
rElec    .         Harm     .   (no cloak)
rCorr    .         Rampage  .   (no gloves)
Will     .....                  (boots unavailable)
Stlth    ++........             (no amulet)
HPRegen  0.11/turn              (no ring)
MPRegen  0.00/turn              (no ring)

@: flying, very slightly contaminated, constricted
A: sickness immunity, fire resistance 2, cold vulnerability 1, float, innate
caster, hp casting, extra vitality 1
a: no special abilities


You were on level 2 of the Dungeon.
You visited 1 branch of the dungeon, and saw 2 of its levels.

You collected 64 gold pieces.

Inventory:

Hand Weapons
 d - a +0 dagger
 e - a +1 short sword of freezing (weapon)
 k - a +0 quarterstaff
Armour
 a - a +0 robe
 g - a +0 leather armour (worn)
Jewellery
 j - a ring of fire
Scrolls
 f - a scroll of torment {unknown}
 h - a scroll of enchant weapon {unknown}
 l - a scroll of fog {unknown}
 m - a scroll of fear {unknown}
Potions
 b - a potion of haste {unknown}
 c - a potion of mutation {unknown}
 i - 2 potions of brilliance {unknown}


   Skills:
 + Level 2.5 Fighting
 - Level 2.1 Dodging
 - Level 1.5 Stealth
 + Level 3.2 Spellcasting


You couldn't memorise any spells.
You knew the following spells:

 Your Spells              Type           Power      Damage    Failure   Level
a - Corona                Hex            14%        N/A       7%          1
b - Conjure Flame         Conj/Fire      13%        6-21      21%         3
c - Inner Flame           Hex/Fire       13%        N/A       21%         3
d - Sticky Flame          Conj/Fire      13%        2d4       54%         4
e - Fireball              Conj/Fire      6%         3d5       88%         5
q - Foxfire               Conj/Fire      52%        2x1d6     7%          1
Your spell library was empty.

Dungeon Overview and Level Annotations

Branches:
Dungeon (2/15)

Altars:

Shops:
D:2 (

Annotations:
D:2 Terence


Innate Abilities, Weirdness & Mutations

You are immune to sickness and miasma.
You are immune to poison.
Your flesh is very heat resistant. (rF++)
You are vulnerable to cold. (rC-)
You float through the air rather than walking.
You learn spells naturally, not from books.
Your magical power is your life essence.
You have superior vitality. (+4 HP)


Message History

The foxfire hits the gnoll.
The gnoll is lightly wounded.
Things that are here:
5 stones; a +0 club
Casting: Foxfire (safe; 7% risk of failure)
Confirm with . or Enter, or press ? or * to list all spells.
You conjure some foxfire!
Casting: Foxfire (safe; 7% risk of failure)
Confirm with . or Enter, or press ? or * to list all spells.
You miscast Foxfire.
You are very lightly contaminated with residual magic.
Nothing appears to happen.
The foxfire hits the gnoll.
The gnoll is moderately wounded.
The foxfire hits the gnoll.
The gnoll is severely wounded.
The gnoll misses you.
Casting: Foxfire (safe; 7% risk of failure)
Confirm with . or Enter, or press ? or * to list all spells.
You conjure some foxfire!
The gnoll hits you with a +0 club.
Casting: Foxfire (safe; 7% risk of failure)
Confirm with . or Enter, or press ? or * to list all spells.
You miscast Foxfire.
Nothing appears to happen.
The foxfire hits the gnoll.
The gnoll is almost dead.
The foxfire hits the gnoll.
The gnoll is almost dead.
The gnoll hits you with a +0 whip. The gnoll hits you with a +0 club.
Casting: Foxfire (safe; 7% risk of failure)
Confirm with . or Enter, or press ? or * to list all spells.
You conjure some foxfire!
The gnoll hits you with a +0 whip. The gnoll misses you.
The ball python closely misses you. The ball python grabs you.
The ball python constricts you.
Casting: Foxfire (safe; 7% risk of failure)
Confirm with . or Enter, or press ? or * to list all spells.
You conjure some foxfire!
The gnoll hits you with a +0 whip.
* * * LOW HITPOINT WARNING * * *
The gnoll hits you with a +0 club.
* * * LOW HITPOINT WARNING * * *
The ball python bites you.
You die...

#.# #.# #§. #.#
#.###g# #.#
#...g## #.#
#.###.# #####.#
#.####. ##...#.#
#...... ##......#
#S###.. #..vS...#
#g# #.# #.v@g...#
#.# #.# #.vvg...#
#.# #.#
##.....#######.#
#.#
##....(.......#
#)#
##.###########
#.#
#.#############.#
#................
#.#############.#
#...# #.#


You could see 2 gnolls and a ball python (ally target).

Vanquished Creatures
  4 adders (D:2)
  5 endoplasms
  4 giant cockroaches
  5 goblins (D:1)
  2 hobgoblins
  3 quokkas
  2 ball pythons (D:2)
  5 bats (D:1)
  2 frilled lizards
  2 kobolds (D:2)
  4 rats (D:1)
38 creatures vanquished.

Vanquished Creatures (others)
  86 foxfires
86 creatures vanquished.

Grand Total: 124 creatures vanquished

Notes
Turn   | Place    | Note
-------+----------+-------------------------------------------
     0 | D:1      | 1player the Djinni Fire Elementalist began the quest for
                  | the Orb.
     0 | D:1      | Reached XP level 1. HP: 15/15 MP: 0/0
   230 | D:1      | Reached skill level 1 in Fighting
   230 | D:1      | Reached XP level 2. HP: 21/22 MP: 0/0
   250 | D:1      | Found a faded altar of an unknown god.
  1032 | D:1      | Reached XP level 3. HP: 25/27 MP: 0/0
  1032 | D:1      | Learned a level 1 spell: Corona
  1711 | D:2      | Reached skill level 3 in Spellcasting
  1811 | D:2      | Reached XP level 4. HP: 31/33 MP: 0/0
  2305 | D:2      | Noticed Terence
  2370 | D:2      | Found Cavaklub's Weapon Emporium.
  2515 | D:2      | HP: 1/34 [gnoll/+0 club (5)]
  2515 | D:2      | Slain by a ball python

Illustrated notes

Levels and vault maps discovered:
D:1:      dpeg_arrival_subterranean_lakeside_camping, layout_loops_ring,
          chequers_ecumenical_altar_island
D:2:      layout_loops_ring, serial_shops, shop, dk_noncrumbling_2,
          kennysheep_generic_room_8, uniq_terence

Skill      XL: |  1  2  3 |
---------------+----------+-----
Fighting       | 1 2 |  2.5
Spellcasting   | 3 |  3.2
Dodging        | |  2.1
Stealth        | |  1.5

Action                   |  1- 3 |  4- 6 || total
-------------------------+-------+-------++-------
Melee: Short sword       |    13 |    10 ||    23
       Dagger            |     1 |       ||     1
 Cast: Foxfire           |    37 |    23 ||    60
       Corona            |     1 |       ||     1
 Stab: Sleeping          |     3 |       ||     3
Armor: Leather armour    |     8 |     5 ||    13
       Robe              |     1 |       ||     1
Dodge: Dodged            |    14 |     8 ||    22

Table legend: (Time is in decaauts)
 A = Elapsed time spent in this place.
 B = Non-inter-level travel time spent in this place.
 C = Inter-level travel time spent in this place.
 D = Time resting spent in this place.
 E = Time spent auto-exploring this place.
 F = Levels seen in this place.
 G = Mean time per level.
                   A        B        C        D        E       F      G
               +--------+--------+--------+--------+--------+-----+--------+
         Total |   2516 |   2500 |     16 |    896 |    955 |   2 | 1258.0 |
       Dungeon |   2516 |   2500 |     16 |    896 |    955 |   2 | 1258.0 |
               +--------+--------+--------+--------+--------+-----+--------+

Top non-repeatable levels by time:
     D:1: 1438 daAuts
     D:2: 1077 daAuts
